 Dungeon Crawl Stone Soup version 0.20-a0-1127-g1289703 (webtiles) character file.

237 HAL9000 the Slasher (level 6, -7/37 HPs)
             Began as a Gargoyle Berserker on May 18, 2017.
             Was a Believer of Trog.
             Mangled by an ogre
             ... wielding a +0 giant club
              (26 damage)
             ... on level 4 of the Dungeon.
             The game lasted 00:04:54 (2155 turns).

HAL9000 the Slasher (Gargoyle Berserker)            Turns: 2155, Time: 00:04:55

Health: -7/37      AC:  7    Str: 23    XL:     6   Next: 6%
Magic:  0/6        EV: 12    Int:  7    God:    Trog [**....]
Gold:   108        SH:  0    Dex:  9    Spells: 5/5 levels left

rFire    . . .     SeeInvis .   a - +0 falchion
rCold    . . .     Gourm    .   (no shield)
rNeg     + . .     Faith    .   b - +0 animal skin
rPois    ∞         Spirit   +   l - +0 helmet
rElec    +         Reflect  .   (no cloak)
rCorr    .         Harm     .   (no gloves)
MR       .....                  (no boots)
Stlth    +.........             n - amulet of guardian spirit
Regen    0.2/turn               (no ring)
MPRegen  0.1/turn               (no ring)

@: no status effects
A: negative energy resistance 1, electricity resistance, unbreathing,
petrification resistance, rot immunity, AC +4
a: Berserk, Trog's Hand, Burn Spellbooks, Renounce Religion


You were on level 4 of the Dungeon.
You worshipped Trog.
Trog was pleased with you.
You were hungry.

You visited 1 branch of the dungeon, and saw 3 of its levels.

You collected 108 gold pieces.

Inventory:

Hand Weapons
 a - a +0 falchion (weapon)
Missiles
 s - 2 tomahawks (quivered)
Armour
 b - a +0 animal skin (worn)
 l - a +0 helmet (worn)
Jewellery
 n - an amulet of guardian spirit (around neck)
Scrolls
 d - 3 scrolls of remove curse {unknown}
 i - 2 scrolls of enchant weapon {unknown}
 j - a scroll of noise {unknown}
 m - a scroll of identify {unknown}
Potions
 k - a potion of cancellation {unknown}
 q - 2 potions of heal wounds {unknown}
 r - a potion of might {unknown}
Comestibles
 c - 2 bread rations
 f - 3 royal jellies
 h - 4 fruits
 p - a meat ration


   Skills:
 - Level 3.2 Fighting
 + Level 6.0 Long Blades
 - Level 2.1 Armour
 - Level 1.5 Dodging


You had 5 spell levels left.
You didn't know any spells.

Dungeon Overview and Level Annotations

Branches:
Dungeon (2/15)

Altars:
Wu Jian

Annotations:
D:4 Blork the orc


Innate Abilities, Weirdness & Mutations

You are resistant to torment.
Your stone body is resilient. (AC +4)
You are immune to poison.
You resist negative energy. (rN+)
You are resistant to electric shocks. (rElec)
You can survive without breathing.
You are immune to petrification.
You are immune to rotting.


Message History

a falchion; a leopard gecko skeleton
Things that are here:
a falchion; an orc skeleton
Things that are here:
a falchion; a leopard gecko skeleton An ogre comes into view.
It is wielding a giant club.
The ogre shouts!
Found 19 stones.
An ogre is nearby!
An ogre is nearby!
You slash the ogre!
The ogre is moderately wounded.
The ogre hits you with a giant club!!
You hit the ogre.
The ogre is heavily wounded.
You barely miss the ogre.
The ogre is heavily wounded.
The ogre hits you with a giant club!!
Ouch! That really hurt!
You die...

# #.#####
.#
#..(O.#
##..#
#@##...#
#.....#
###..#..#
###...##
# #
#...###
.. #.###
#.## ##.#
...
###..#
#.###
##...##
#....


You could see an ogre.

Vanquished Creatures
  An ogre (D:4)
  An orc priest (D:4)
  An orc wizard (D:4)
  A howler monkey skeleton (D:4)
  2 adders (D:2)
  2 worms
  2 dart slugs (D:2)
  4 leopard geckos
  2 orcs (D:4)
  7 bats
  3 giant cockroaches
  4 goblins
  6 hobgoblins
  3 jackals (D:2)
  3 quokkas
  2 ball pythons
  A frilled lizard (D:1)
  5 kobolds (D:1)
  4 rats
54 creatures vanquished.

Notes
Turn   | Place    | Note
-------+----------+-------------------------------------------
     0 | D:1      | HAL9000 the Gargoyle Berserker began the quest for the Orb.
     0 | D:1      | Reached XP level 1. HP: 14/14 MP: 1/1
    50 | D:1      | Reached skill level 3 in Long Blades
   191 | D:1      | Reached XP level 2. HP: 17/19 MP: 2/2
   933 | D:1      | Reached XP level 3. HP: 19/23 MP: 3/3
   973 | D:1      | Reached ** piety under Trog
  1115 | D:2      | Reached skill level 4 in Long Blades
  1287 | D:2      | Reached XP level 4. HP: 26/28 MP: 4/4
  1631 | D:2      | You fall through a shaft for 2 floors!
  1631 | D:4      | Noticed an ogre
  1636 | D:4      | Killed an ogre
  1636 | D:4      | Reached skill level 5 in Long Blades
  1636 | D:4      | Reached XP level 5. HP: 28/32 MP: 2/5
  1827 | D:4      | Found an ornate altar of the Wu Jian Council.
  1828 | D:4      | Noticed Blork the orc
  1923 | D:4      | Reached skill level 6 in Long Blades
  1923 | D:4      | Reached XP level 6. HP: 15/37 MP: 0/6
  2155 | D:4      | Mangled by an ogre

Vault maps used:
D:1:      scummos_arrival_gate
D:2:      corexii_corridor_pit, minmay_item_behind_shaft
D:4:      makhleb_altar_promises_db, lemuel_doored_altar, serial_shops, shop,
          uniq_blork_the_orc

Skill      XL: |  1  2  3  4  5 |
---------------+----------------+-----
Long Blades    | 3 4 5 6 |  6.0
Fighting       | |  3.2
Armour         | |  2.1
Dodging        | |  1.5

Action                   |  1- 3 |  4- 6 || total
-------------------------+-------+-------++-------
Melee: Falchion          |   113 |    69 ||   182
Invok: Berserk           |       |     2 ||     2
  Use: Potion            |       |     2 ||     2
  Eat: Chunk             |     1 |     4 ||     5
Armor: Animal skin       |    55 |    21 ||    76
Dodge: Dodged            |    94 |    32 ||   126
       Rpst.: Falchion   |    35 |    15 ||    50
